 Dungeon Crawl Stone Soup version 0.31.0-1-g2c135a008e (webtiles) character file.

Game seed: 12005139340273154936

3122 qw the Skirmisher (level 10, -9/72 HPs)
             Began as a Djinni Hunter on Jan 23, 2024.
             Was a Priest of Okawaru.
             Mangled by a wight
             ... wielding a +5 great sword
              (17 damage)
             ... on level 8 of the Dungeon.
             The game lasted 00:00:23 (5834 turns).

qw the Skirmisher (Djinni Hunter)                   Turns: 5834, Time: 00:00:24

Health: -9/72      AC:  7    Str: 10    XL:     10   Next: 14%
Gold:   297        EV: 13    Int: 12    God:    Okawaru [***...] SH:  0 Dex: 20

rFire   + + .        b - +0 hand cannon (heavy)
rCold   . . .        (no shield)
rNeg    . . .        p - +0 ring mail {rC+}
rPois   inf          c - +0 helmet
rElec   .            (no cloak)
rCorr   +            j - +0 pair of gloves
SInv    .            (boots unavailable)
Will    +....        (no amulet)
Stlth   +            h - ring of resist corrosion
HPRegen 0.32/turn    (no ring)
MPRegen 0.00/turn

%: infuse magic (-10 HP)
@: flying, hasted, very quick
A: sickness immunity, fire resistance 2, cold vulnerability 1, float, innate
caster, HP casting, extra vitality 1
a: Renounce Religion, Heroism


You were on level 8 of the Dungeon.
You worshipped Okawaru.
Okawaru was most pleased with you.
You visited 2 branches of the dungeon, and saw 9 of its levels.

You collected 297 gold pieces.


Innate Abilities, Weirdness & Mutations

You are immune to sickness and miasma.
You are immune to poison.
Your flesh is very heat resistant. (rF++)
You are vulnerable to cold. (rC-)
You float through the air rather than walking.
You learn spells naturally, not from books.
Your magical power is your life essence.
You have superior vitality. (+4 MHP)


   Skills:
 - Level 6.0 Fighting
 - Level 9.0 Ranged Weapons
 - Level 3.0 Armour
 + Level 5.7 Dodging
 - Level 0.7 Stealth
 - Level 4.0 Invocations


You knew the following spells:

 Your Spells              Type           Power      Damage    Failure   Level
a - Kiss of Death         Conj/Necr      0%         2d5       63%         1
b - Mercury Vapours       Alch/Air       0%         N/A       77%         2
c - Frozen Ramparts       Ice            0%         1d1       94%         3
d - Fugue of the Fallen   Necr           0%         N/A       94%         3
Your spell library was empty.

Inventory:

Hand Weapons
 b - a +0 heavy hand cannon (weapon)
Armour
 c - a +0 helmet (worn)
 j - a +0 pair of gloves (worn)
 p - a +0 ring mail of cold resistance (worn)
 q - +0 steam dragon scales
Jewellery
 f - a ring of ice
 h - a ring of resist corrosion (left hand)
Wands
 l - a wand of digging (5)
 o - a wand of polymorph (6)
Potions
 a - a potion of enlightenment {unknown}
 g - 4 potions of curing
 i - 3 potions of cancellation
 m - a potion of resistance {unknown}
 n - 2 potions of might

Dungeon Overview and Level Annotations

Branches:
Dungeon (8/15)             Temple (1/1) D:4
   Lair: D:8-11

Altars:
Ashenzari
Cheibriados
Dithmenos
Elyvilon
Fedhas
Gozag
Hepliaklqana
Makhleb
Okawaru
Qazlal
Trog
Uskayaw
Wu Jian
Yredelemnul
Zin
The Shining One

Annotations:
D:7 2 transporters, qw's ghost, novice GrHu


Message History

The wight is heavily damaged.
The wight barely misses you. The wight closely misses you.
You shoot a bolt. The bolt hits the wight!!
You destroy the wight!
Okawaru accepts your kill.
The wight hits you from afar with a +0 halberd.
The wight barely misses you.
The wight hits you with a +0 great sword.
Your Ranged Weapons skill increases to level 9!
You shoot a bolt. The bolt hits the wight!
The wight is heavily damaged.
The wight hits you from afar with a +0 halberd!
The wight closely misses you. x2
You shoot a bolt. The bolt closely misses the wight.
The bolt hits the wight!!
You destroy the wight!
Okawaru accepts your kill.
The wight hits you with a +0 great sword!
The wight closely misses you.
Your Armour skill increases to level 3!
You shoot a bolt. The bolt hits the wight!
You destroy the wight!
Okawaru accepts your kill.
You shoot a bolt. The bolt hits the wight!
You destroy the wight!
Okawaru accepts your kill.
The wight hits you with a +5 great sword!
You shoot a bolt.
The bolt hits the wight but does no damage.
The wight closely misses you. The wight barely misses you.
You shoot a bolt. The bolt hits the wight.
The wight is moderately damaged.
The wight hits you with a +5 great sword!!
You shoot a bolt. The bolt hits the wight.
The wight is heavily damaged.
The wight barely misses you.
The wight hits you with a +5 great sword!!
You shoot a bolt. The bolt hits the wight.
The wight is severely damaged.
The wight hits you with a +5 great sword!
You die...

.... ... .... ....
... .... ..# .....
..###.... .....$ #
####..## .#
##ยค@z)..# ..#
###..##.#....#...
....#...###.... #
...........###.#....
............<.......
............##......
............# .....
#..........## ....
...##...## ...


You could see a wight.

Vanquished Creatures
  A troll (D:6)
  Sigmund (D:3)
  A steam dragon (D:7)
  3 water moccasins (D:5)
  3 sky beasts (D:7)
  4 ogres
  2 scorpions
  13 wights
  4 killer bees (D:7)
  5 hounds
  A jelly (D:7)
  A bombardier beetle (D:3)
  6 iguanas
  2 orc wizards (D:7)
  Robin (D:3)
  9 gnolls (D:6)
  5 adders
  A shadow imp (D:6)
  3 ufetubi
  6 dart slugs
  3 ribbon worms
  12 orcs
  6 ball pythons
  11 endoplasms
  A giant cockroach (D:4)
  12 goblins
  16 hobgoblins
  4 jackals (D:2)
  3 quokkas
  7 bats
  4 frilled lizards
  7 kobolds
  6 rats
164 creatures vanquished.

Notes
Turn   | Place    | Note
-------+----------+-------------------------------------------
     0 | D:1      | qw the Djinni Hunter began the quest for the Orb.
     0 | D:1      | Reached XP level 1. HP: 18/18 MP: 0/0
     0 | D:1      | 0 ||| qw: Version: 0.3-a-134-g2ba4250
     0 | D:1      | 0 ||| qw: Game counter: 664
     0 | D:1      | 0 ||| qw: Melee chars always use a shield: true
     0 | D:1      | 0 ||| qw: God list: Okawaru
     0 | D:1      | 0 ||| qw: Allow faded altars: false
     0 | D:1      | 0 ||| qw: Do Orc after clearing Dungeon:15 true
     0 | D:1      | 0 ||| qw: Do second Lair branch before Depths: true
     0 | D:1      | 0 ||| qw: Lair rune preference: random
     0 | D:1      | 0 ||| qw: Goals: Normal
     0 | D:1      | 0 ||| PLANNING D:1-11
    54 | D:1      | Reached XP level 2. HP: 23/23 MP: 0/0
   450 | D:1      | Reached skill level 4 in Ranged Weapons
   450 | D:1      | Reached XP level 3. HP: 28/28 MP: 0/0
   450 | D:1      | Learned a level 1 spell: Kiss of Death
   783 | D:1      | 783 ||| UPGRADING to +0 ring mail.
   793 | D:1      | 793 ||| DROPPING +0 leather armour.
   794 | D:1      | 794 ||| UPGRADING to ring of resist corrosion.
   795 | D:1      | 795 ||| READING scroll labelled MIRULA HAAR.
   795 | D:1      | 795 ||| IDENTIFYING purple potion
   796 | D:1      | 796 ||| READING scroll labelled HUFEG YHOEST.
   797 | D:1      | 797 ||| READING scroll labelled QARACA NATAFIO.
   802 | D:1      | 802 ||| DROPPING scroll of butterflies.
   903 | D:2      | Reached skill level 1 in Armour
   979 | D:2      | Reached XP level 4. HP: 29/34 MP: 0/0
  1137 | D:2      | Found a faded altar of an unknown god.
  1137 | D:2      | Noticed a ynoxinul
  1200 | D:2      | Reached skill level 3 in Fighting
  1418 | D:2      | 1418 ||| UPGRADING to ring of ice.
  1419 | D:2      | 1419 ||| READING 3 scrolls of identify.
  1419 | D:2      | 1419 ||| IDENTIFYING ruby potion
  1420 | D:2      | 1420 ||| READING 2 scrolls of identify.
  1420 | D:2      | 1420 ||| IDENTIFYING 2 fuming brown potions
  1421 | D:2      | 1421 ||| DROPPING potion of degeneration.
  1440 | D:3      | Noticed Robin
  1442 | D:3      | 1442 ||| STAIRDANCE
  1473 | D:3      | 1473 ||| STAIRDANCE
  1499 | D:3      | 1499 ||| STAIRDANCE
  1601 | D:3      | 1601 ||| STAIRDANCE
  1685 | D:3      | 1685 ||| STAIRDANCE
  1694 | D:3      | Killed Robin
  1731 | D:3      | Reached XP level 5. HP: 40/40 MP: 0/0
  1731 | D:3      | Learned a level 2 spell: Mercury Vapours
  1835 | D:3      | Noticed Sigmund
  1851 | D:3      | Killed Sigmund
  1852 | D:3      | Reached skill level 5 in Ranged Weapons
  1852 | D:3      | Reached XP level 6. HP: 25/46 MP: 0/0
  2042 | D:3      | You are sucked into a shaft and drop 1 floor!
  2056 | D:4      | 2056 ||| UPGRADING to +0 helmet.
  2061 | D:4      | 2061 ||| READING 3 scrolls of identify.
  2061 | D:4      | 2061 ||| IDENTIFYING inky potion
  2062 | D:4      | 2062 ||| READING 2 scrolls of identify.
  2062 | D:4      | 2062 ||| IDENTIFYING silvery potion
  2063 | D:4      | 2063 ||| READING scroll of identify.
  2063 | D:4      | 2063 ||| IDENTIFYING scroll labelled EDOTUOG QIFIC
  2063 | D:4      | Identified a scroll of acquirement
  2064 | D:4      | 2064 ||| READING scroll of acquirement.
  2064 | D:4      | 2064 ||| ACQUIRING +0 heavy hand cannon
  2064 | D:4      | Acquired a +0 heavy hand cannon
  2066 | D:4      | 2066 ||| SWAPPING to +0 heavy hand cannon.
  2067 | D:4      | 2067 ||| DROPPING +0 shortbow.
  2078 | D:4      | 2078 ||| STAIRDANCE
  2314 | D:3      | 2314 ||| READING scroll labelled ILIPSER QAIPYXT.
  2440 | D:4      | Reached skill level 3 in Dodging
  2440 | D:4      | Reached XP level 7. HP: 50/50 MP: 0/0
  2440 | D:4      | Learned a level 3 spell: Frozen Ramparts
  2470 | D:4      | Found a staircase to the Ecumenical Temple.
  2471 | D:4      | 2471 ||| PLANNING TEMPLE
  2471 | D:4      | 2471 ||| DRINKING 2 fuming pink potions.
  2472 | D:4      | 2472 ||| DROPPING potion of magic.
  2486 | Temple   | Entered the Ecumenical Temple
  2487 | Temple   | 2487 ||| PLANNING OKAWARU WORSHIP
  2494 | Temple   | Became a worshipper of Warmaster Okawaru
  2495 | Temple   | 2495 ||| PLANNING D:1-11
  2574 | D:4      | Found a stormy altar of Qazlal.
  2868 | D:4      | 2868 ||| READING scroll labelled YGGYIBLYSHYO.
  2890 | D:5      | Entered Level 5 of the Dungeon
  2890 | D:5      | Noticed a water moccasin
  2891 | D:5      | 2891 ||| DRINKING potion of haste.
  2901 | D:5      | Killed a water moccasin
  2902 | D:5      | Reached skill level 6 in Ranged Weapons
  2991 | D:5      | Noticed a water moccasin
  2993 | D:5      | Killed a water moccasin
  2993 | D:5      | Reached * piety under Okawaru
  2994 | D:5      | Reached XP level 8. HP: 58/58 MP: 0/0
  3060 | D:5      | Reached skill level 1 in Invocations
  3599 | D:5      | Found a snail-covered altar of Cheibriados.
  3834 | D:5      | 3834 ||| READING scroll labelled EJIYG MOADDOM.
  3835 | D:5      | 3835 ||| READING scroll labelled HUPATU PAST.
  3836 | D:5      | 3836 ||| READING scroll labelled AME ECEITU.
  4032 | D:6      | Reached skill level 3 in Invocations
  4054 | D:6      | Reached skill level 7 in Ranged Weapons
  4065 | D:6      | Found an opulent altar of Gozag.
  4149 | D:6      | Reached XP level 9. HP: 53/63 MP: 0/0
  4149 | D:6      | Learned a level 3 spell: Fugue of the Fallen
  4203 | D:6      | Noticed a troll
  4204 | D:6      | 4204 ||| DRINKING 3 potions of haste.
  4207 | D:6      | HP: 15/63 [troll (5)]
  4208 | D:6      | 4208 ||| READING 2 scrolls of teleportation.
  4209 | D:6      | 4209 ||| DRINKING potion of heal wounds.
  4412 | D:6      | 4412 ||| DRINKING 2 potions of haste.
  4414 | D:6      | Killed a troll
  4414 | D:6      | Reached ** piety under Okawaru
  4794 | D:6      | 4794 ||| UPGRADING to +0 pair of gloves.
  4799 | D:6      | 4799 ||| READING scroll labelled CULUIL VIACALI.
  4800 | D:6      | 4800 ||| DRINKING 3 orange potions.
  4936 | D:7      | 4936 ||| RETREEEEATING.
  4937 | D:7      | 4937 ||| RETREEEEATING.
  4939 | D:7      | 4939 ||| RETREEEEATING.
  4948 | D:7      | Reached skill level 8 in Ranged Weapons
  5178 | D:7      | Reached skill level 6 in Fighting
  5180 | D:7      | 5180 ||| FLEEEEING.
  5181 | D:7      | 5181 ||| FLEEEEING.
  5182 | D:7      | 5182 ||| FLEEEEING.
  5183 | D:7      | 5183 ||| FLEEEEING.
  5183 | D:7      | HP: 11/66 [something/magic dart (8)]
  5185 | D:7      | 5185 ||| READING scroll of teleportation.
  5216 | D:7      | 5216 ||| FLEEEEING.
  5217 | D:7      | 5217 ||| FLEEEEING.
  5218 | D:7      | 5218 ||| FLEEEEING.
  5259 | D:7      | 5259 ||| FLEEEEING.
  5260 | D:7      | 5260 ||| FLEEEEING.
  5261 | D:7      | 5261 ||| FLEEEEING.
  5262 | D:7      | 5262 ||| FLEEEEING.
  5263 | D:7      | 5263 ||| FLEEEEING.
  5264 | D:7      | 5264 ||| FLEEEEING.
  5453 | D:7      | Reached *** piety under Okawaru
  5590 | D:7      | Found a transporter.
  5593 | D:7      | Noticed qw's ghost (novice GrHu)
  5595 | D:7      | Found a transporter.
  5738 | D:7      | Reached XP level 10. HP: 72/72 MP: 0/0
  5791 | D:7      | 5791 ||| UPGRADING to +0 ring mail of cold resistance.
  5801 | D:7      | 5801 ||| REMOVING ring of ice.
  5802 | D:7      | 5802 ||| DROPPING +0 ring mail.
  5803 | D:7      | 5803 ||| READING scroll labelled IKHLAK TEDU FUG.
  5821 | D:8      | 5821 ||| RETREEEEATING.
  5822 | D:8      | 5822 ||| RETREEEEATING.
  5824 | D:8      | 5824 ||| DRINKING potion of haste.
  5827 | D:8      | Reached skill level 9 in Ranged Weapons
  5829 | D:8      | Reached skill level 3 in Armour
  5833 | D:8      | HP: 8/72 [wight/+5 great sword (18)]
  5834 | D:8      | Mangled by a wight

Levels and vault maps discovered:
D:1:      saegor_arrival_under_anarchy, layout_basic, st_stairs_14,
          minmay_tromino_v4_c
D:2:      layout_loops_ring, dreamdust_ecumenical_altar_sealed_demon,
          minmay_misc_feat_doors, corexii_leaking_fountain
D:3:      layout_rooms, uniq_sigmund, uniq_robin
D:4:      layout_rooms, grunt_qazlal_sundering, minmay_temple_entry_sparse_star
D:5:      layout_basic, kennysheep_slug_shrine
D:6:      layout_gridville, lemuel_crystal_altar, grunt_tough_drop
D:7:      layout_loops_ring, gammafunk_ghost_smash
D:8:      layout_rooms, serial_shops, shop
Temple:   lightli_temple_of_artemis

Skill      XL: |  1  2  3  4  5  6  7  8  9 10 |
---------------+-------------------------------+-----
Ranged Weapons | 4 5 6 7 8 9 |  9.0
Armour         | 1 2 3 |  3.0
Fighting       | 3 4 6 |  6.0
Dodging        | 3 5 |  5.7
Invocations    | 4 |  4.0
Stealth        | |  0.7

Action                     |  1- 3 |  4- 6 |  7- 9 | 10-12 || total
---------------------------+-------+-------+-------+-------++-------
   Fire: Shortbow          |    86 |   117 |       |       ||   203
         Hand cannon       |       |     5 |   163 |    14 ||   182
    Use: Scroll            |     3 |     7 |     7 |     1 ||    18
         Potion            |       |       |     6 |     1 ||     7
 Armour: Leather armour    |     5 |       |       |       ||     5
         Ring mail         |    17 |    66 |   122 |     9 ||   214
  Dodge: Dodged            |    21 |    76 |   107 |    11 ||   215

Table legend:
 A = Non-vault XP
 B = Vault XP
 C = Vault XP percentage of total XP
 D = Non-vault monster count
 E = Vault monster count
 F = Vault count percentage of total count
                 A         B        C        D         E       F
            +---------+---------+-------+---------+---------+-------
      Total |    3951 |     509 |  11.4 |     142 |      22 |  13.4
            +---------+---------+-------+---------+---------+-------
        D:1 |      34 |       6 |  15.0 |      22 |       2 |   8.3
        D:2 |      54 |      20 |  27.0 |      23 |      10 |  30.3
        D:3 |      72 |     248 |  77.5 |      17 |       3 |  15.0
        D:4 |     315 |       0 |   0.0 |      20 |       0 |   0.0
        D:5 |     737 |       4 |   0.5 |      11 |       1 |   8.3
        D:6 |     755 |     231 |  23.4 |      16 |       6 |  27.3
        D:7 |    1692 |       0 |   0.0 |      29 |       0 |   0.0
        D:8 |     292 |       0 |   0.0 |       4 |       0 |   0.0
            +---------+---------+-------+---------+---------+-------
